 Dungeon Crawl Stone Soup version 0.28-a0-313-gbc0475efdd (webtiles) character file.

Game seed: 4396843794929190013

8568 kae the Fencer (level 11, 0/104 HPs)
             Began as a Minotaur Fighter on Aug 31, 2021.
             Was a Believer of Qazlal.
             Slain by a small abomination (14 damage)
             ... in a Gauntlet.
             The game lasted 00:09:38 (11889 turns).

kae the Fencer (Minotaur Fighter)                  Turns: 11889, Time: 00:09:39

Health: 0/104      AC:  9    Str: 35    XL:     11   Next: 11%
Magic:  14/14      EV:  8    Int:  5    God:    Qazlal [**....]
Gold:   211        SH: 12    Dex: 12    Spells: 10/10 levels left

rFire   . . .      SeeInvis .   H - +4 long sword of Fimbulwinter {vorpal, rC+ rN+ Str+4 Dex+3}
rCold   + . .      Faith    .   c - +1 kite shield
rNeg    + + .      Spirit   .   n - +4 ring mail of Beauty {Rampage rN+}
rPois   .          Reflect  .   (helmet restricted)
rElec   .          Harm     .   (no cloak)
rCorr   .          Rampage  +   (no gloves)
Will    +....      NoTele   +   (no boots)
Stlth   +.........              A - amulet of regeneration
HPRegen 1.27/turn               k - ring of willpower
MPRegen 0.14/turn               p - +6 ring of strength

@: no status effects
A: horns 2, retaliatory headbutt
a: Renounce Religion, Upheaval


You were in a Gauntlet.
You worshipped Qazlal.
Qazlal was pleased with you.
You visited 2 branches of the dungeon, and saw 13 of its levels.
You also visited: Gauntlet.

You collected 807 gold pieces.
You spent 596 gold pieces at shops.

Inventory:

Hand Weapons
 a - a +3 long sword
 G - the +5 long sword of Domination {pain, rPois MP-9 Dex+4 SInv}
   (You bought it in a shop on level 10 of the Dungeon)

   In the hands of one skilled in necromantic magic, it inflicts extra damage on
   living creatures.
   Dex:       It affects your dexterity (+4).
   rPois:     It protects you from poison.
   MP:        It affects your magic capacity (-9).
   SInv:      It lets you see invisible.
 H - the +4 long sword of Fimbulwinter (weapon) {vorpal, rC+ rN+ Str+4 Dex+3}
   (You bought it in a shop on level 10 of the Dungeon)

   It inflicts extra damage upon your enemies.
   Str:       It affects your strength (+4).
   Dex:       It affects your dexterity (+3).
   rC:        It protects you from cold.
   rN:        It protects you from negative energy.
Missiles
 I - 2 throwing nets (quivered)
Armour
 b - a +0 scale mail
 c - a +1 kite shield (worn)
 n - the +4 ring mail of Beauty (worn) {Rampage rN+}
   (You found it on level 4 of the Dungeon)

   rN:        It protects you from negative energy.
   Rampage:   It bestows one free step when moving towards enemies.
Jewellery
 i - a ring of protection from cold
 k - a ring of willpower (left hand)
 p - a +6 ring of strength (right hand)
 y - a ring of wizardry
 A - an amulet of regeneration (around neck)
 D - a ring of resist corrosion
Wands
 s - a wand of flame (71)
 t - a wand of mindburst (6)
 x - a wand of paralysis (5)
Scrolls
 r - a scroll of magic mapping
 u - 4 scrolls of teleportation
 z - a scroll of enchant weapon
 C - 6 scrolls of identify
 E - a scroll of brand weapon {unknown}
 F - 2 scrolls of fear
Potions
 d - a potion of might
 e - 4 potions of resistance
 f - 2 potions of attraction
 g - 2 potions of ambrosia
 h - 3 potions of curing
 j - a potion of heal wounds
 l - 2 potions of magic
 m - 2 potions of flight
 o - a potion of brilliance
 q - a potion of degeneration
 v - 2 potions of lignification
 w - a potion of haste
 B - a potion of cancellation


   Skills:
 + Level 11.7 Fighting
 * Level 15.2 Long Blades
 - Level 3.6 Armour
 - Level 3.6 Shields
 + Level 5.5 Invocations


You had 10 spell levels left.
You didn't know any spells.
Your spell library contained the following spells:

 Spells                   Type           Power      Damage    Failure   Level
 Animate Skeleton         Necr           0%         N/A       97%         1
 Apportation              Tloc           0%         N/A       97%         1
 Corona                   Hex            0%         N/A       97%         1
 Freeze                   Ice            0%         1d3       97%         1
 Summon Small Mammal      Summ           0%         N/A       97%         1
 Blink                    Tloc           N/A        N/A       99%         2
 Ensorcelled Hibernation  Hex/Ice        0%         N/A       99%         2
 Frozen Ramparts          Ice            0%         1d2       100%        3
 Gell's Gravitas          Tloc           0%         N/A       100%        3
 Lesser Beckoning         Tloc           0%         N/A       100%        3
 Spider Form              Tmut/Pois      0%         N/A       100%        3
 Teleport Other           Tloc           0%         N/A       100%        3
 Tukima's Dance           Hex            0%         N/A       100%        3
 Animate Armour           Summ/Erth      0%         N/A       100%        4
 Fulminant Prism          Conj/Hex       0%         3d6       100%        4
 Hailstorm                Conj/Ice       0%         3d3       100%        4
 Iskenderun's Mystic Bla  Conj/Tloc      0%         2d3       100%        4
 Passage of Golubria      Tloc           N/A        N/A       100%        4
 Blade Hands              Tmut           0%         N/A       100%        5
 Lee's Rapid Deconstruct  Erth           0%         3d5*      100%        5
 Manifold Assault         Tloc           0%         N/A       100%        5
 Yara's Violent Unravell  Hex/Tmut       0%         3d3       100%        5
 Iron Shot                Conj/Erth      0%         9d1       100%        6


Dungeon Overview and Level Annotations

Branches:
Dungeon (11/15)            Temple (1/1) D:5            Lair (0/6) D:8
Gauntlet (1/1)
    Orc: D:9-12

Altars:
Ashenzari
Cheibriados
Dithmenos
Elyvilon
Fedhas
Gozag
Hepliaklqana
Kikubaaqudgha
Makhleb
Nemelex Xobeh
Okawaru
Qazlal
Ru
Sif Muna
Trog
Uskayaw
Vehumet
Wu Jian
Xom
Yredelemnul
Zin
The Shining One

Shops:
D:7 *   D:10 ((*?*

Annotations:
Gauntlet 11 transporters, exclusion: ice statue


Innate Abilities, Weirdness & Mutations

You have a pair of horns on your head.
You reflexively headbutt those who attack you in melee.


Message History

The large abomination is lightly damaged.
You block the small abomination's attack.
The large abomination hits you! The small abomination hits you.
You hit the large abomination. You headbutt the large abomination.
The large abomination is moderately damaged.
You block the large abomination's attack.
The small abomination closely misses you.
The small abomination misses you.
You barely miss the large abomination. You headbutt the large abomination.
The large abomination is heavily damaged.
You block the large abomination's attack.
The small abomination hits you!
The small abomination closely misses you.
You barely miss the large abomination. You headbutt the large abomination!
The large abomination is heavily damaged.
The large abomination hits you!
You block the small abomination's attack.
The small abomination hits you.
You slash the large abomination!
You headbutt the large abomination, but do no damage.
The large abomination is almost destroyed.
The large abomination hits you!!
The small abomination barely misses you.
You block the large abomination's attack.
You are too injured to fight recklessly!
You are too injured to fight recklessly!
You are too injured to fight recklessly!
You are too injured to fight recklessly!
You hit the large abomination.
You headbutt the large abomination, but do no damage.
The large abomination is almost destroyed.
You block the small abomination's attack.
The small abomination hits you but does no damage.
The large abomination hits you!!
* * * LOW HITPOINT WARNING * * *
You hit the large abomination but do no damage.
Your headbutt misses the large abomination.
The large abomination is almost destroyed.
The small abomination hits you!
You die...

########################
##≈#≈#≈#§#§#§#≈#§#≈#≈#§#≈
#≈.......................
##.......................
#§..#########..#########.
##..#.##.#=$#..#......p#.
#≈..##.#..###..#..#...5#.
##..##.x##.#####.###.."##
#≈.©#.##@#.©#©©#..#©#.©#©
##..##X#Xx######...###(##
#≈..##xx##.##..#p...#..#.
######..#.##.#..#..#55.....#.
##≈#≈#≈..#########..#########.
##......§.§....................
#≈.∩...........................
##..###########..###########..#
#≈..#...^kk.^.#..#W........#..#


You could see 2 large abominations and 4 small abominations.

Vanquished Creatures
  Snorg (D:10)
  A cyclops (D:14)
  2 manticores
  Joseph (D:9)
  2 unseen horrors
  A yaktaur (D:11)
  A komodo dragon (D:8)
  2 wyverns
  A wraith (D:11)
  7 yaks
  A steam dragon (D:9)
  3 water moccasins
  2 orc warriors
  2 sky beasts
  A black bear (D:4)
  An ogre (D:5)
  A necrophage (D:5)
  4 centaurs
  A kobold brigand (D:8)
  A phantom (D:4)
  2 bullfrogs
  A gnoll sergeant (D:10)
  3 wyvern zombies
  4 scorpions
  A water moccasin skeleton (D:7)
  4 killer bees (D:7)
  An electric eel (D:8)
  4 howler monkeys
  10 wights
  A bullfrog zombie (D:5)
  2 bullfrog skeletons
  4 centaur zombies
  A hound (D:5)
  2 orc priests (D:9)
  2 gnoll shamans
  2 jellies (D:7)
  3 centaur skeletons
  5 orc wizards
  An iguana (D:6)
  2 killer bee zombies
  A howler monkey zombie (D:9)
  11 gnolls
  6 adders
  A shadow imp (D:7)
  An ufetubus (D:7)
  2 worms
  17 orcs
  6 ball pythons
  5 endoplasms
  3 giant cockroaches
  2 goblins
  6 hobgoblins
  4 jackals
  12 kobolds
  A quokka (D:1)
  7 bats
  3 frilled lizards
  4 rats
183 creatures vanquished.

Vanquished Creatures (others)
  A fungus (Gauntlet)
  15 plants
16 creatures vanquished.

Grand Total: 199 creatures vanquished

Notes
Turn   | Place    | Note
-------+----------+-------------------------------------------
     0 | D:1      | kae the Minotaur Fighter began the quest for the Orb.
     0 | D:1      | Reached XP level 1. HP: 19/19 MP: 0/0
   100 | D:1      | Reached skill level 3 in Long Blades
   103 | D:1      | Reached XP level 2. HP: 17/27 MP: 1/1
   592 | D:1      | Found a faded altar of an unknown god.
   997 | D:2      | Reached XP level 3. HP: 22/33 MP: 2/2
  1005 | D:1      | Reached skill level 4 in Long Blades
  2428 | D:3      | Reached XP level 4. HP: 37/41 MP: 3/3
  3022 | D:4      | Found a stormy altar of Qazlal.
  3125 | D:4      | Reached skill level 5 in Long Blades
  3157 | D:4      | Noticed a black bear
  3164 | D:4      | Killed a black bear
  3165 | D:4      | Reached skill level 5 in Fighting
  3165 | D:4      | Reached XP level 5. HP: 42/48 MP: 4/4
  3224 | D:4      | Reached skill level 6 in Long Blades
  3595 | D:4      | Noticed a phantom
  3599 | D:4      | Reached XP level 6. HP: 39/56 MP: 5/5
  3607 | D:4      | Reached skill level 7 in Long Blades
  3624 | D:4      | Became a worshipper of Qazlal Stormbringer
  3959 | D:5      | Entered Level 5 of the Dungeon
  3974 | D:4      | Identified the +4 ring mail of Beauty {Rampage rN+}
  4051 | D:5      | Noticed a water moccasin
  4057 | D:5      | Killed a water moccasin
  4098 | D:5      | Reached XP level 7. HP: 60/64 MP: 6/6
  4100 | D:5      | Reached skill level 8 in Long Blades
  4384 | D:5      | Found a staircase to the Ecumenical Temple.
  4505 | Temple   | Entered the Ecumenical Temple
  4793 | D:5      | Reached skill level 9 in Long Blades
  5015 | D:5      | Reached XP level 8. HP: 37/69 MP: 7/7
  5312 | D:6      | Reached skill level 10 in Long Blades
  5962 | D:6      | Reached * piety under Qazlal
  6474 | D:7      | Reached skill level 11 in Long Blades
  6498 | D:7      | HP: 3/71 [wight (10)]
  6502 | D:7      | HP: 1/67 [wight (11)]
  6768 | D:7      | Reached XP level 9. HP: 42/82 MP: 8/8
  7012 | D:7      | Found Ditik's Assorted Antiques.
  7052 | D:7      | Bought a fizzy orange potion for 21 gold pieces
  7052 | D:7      | Bought a green potion for 21 gold pieces
  7220 | D:7      | Reached skill level 12 in Long Blades
  8364 | D:8      | Reached ** piety under Qazlal
  8516 | D:8      | Reached skill level 1 in Invocations
  8541 | D:8      | Reached skill level 10 in Fighting
  8715 | D:8      | Reached skill level 13 in Long Blades
  9014 | D:8      | Killed an unseen horror
  9361 | D:8      | Found a staircase to the Lair.
  9362 | D:8      | Noticed a komodo dragon
  9377 | D:8      | Killed a komodo dragon
  9378 | D:8      | Reached XP level 10. HP: 61/94 MP: 10/10
 10271 | D:9      | Noticed Joseph
 10280 | D:9      | Killed Joseph
 10281 | D:9      | Reached skill level 14 in Long Blades
 10506 | D:9      | Reached *** piety under Qazlal
 10561 | D:10     | Entered Level 10 of the Dungeon
 10573 | D:10     | Found Qygurr's General Store.
 10577 | D:10     | Bought a scroll of identify for 28 gold pieces
 10652 | D:10     | Found Murih's Magic Scroll Boutique.
 10660 | D:10     | Bought a scroll of blinking for 82 gold pieces
 10660 | D:10     | Bought a scroll of fear for 38 gold pieces
 10660 | D:10     | Bought 3 scrolls of identify for 66 gold pieces
 10672 | D:10     | Found Juoqen's Antique Weapon Shoppe.
 10688 | D:10     | Bought an encrusted long sword for 170 gold pieces
 10688 | D:10     | Identified the +5 long sword of Domination {pain, rPois
                  | MP-9 Dex+4 SInv} (You bought it in a shop on level 10 of
                  | the Dungeon)
 10688 | D:10     | Bought a translucent long sword for 170 gold pieces
 10688 | D:10     | Identified the +4 long sword of Fimbulwinter {vorpal, rC+
                  | rN+ Str+4 Dex+3} (You bought it in a shop on level 10 of
                  | the Dungeon)
 10716 | D:10     | Noticed a manticore
 10721 | D:10     | Killed a manticore
 10954 | D:10     | Found Toxkeode's Assorted Antiques.
 10988 | D:10     | Noticed Snorg
 11005 | D:10     | Killed Snorg
 11006 | D:10     | Reached skill level 5 in Invocations
 11491 | D:10     | Found Poecor's Weapon Shop.
 11593 | D:11     | Noticed a manticore
 11608 | D:11     | Killed a manticore
 11609 | D:11     | Reached skill level 15 in Long Blades
 11609 | D:11     | Reached XP level 11. HP: 85/102 MP: 13/13
 11703 | D:11     | Noticed an orc sorcerer
 11703 | D:11     | You fall into a shaft and drop 3 floors!
 11703 | D:14     | Found a gate leading to a gauntlet.
 11714 | Gauntlet | Entered a Gauntlet
 11714 | Gauntlet | Noticed a large abomination
 11714 | Gauntlet | Found a transporter.
 11714 | Gauntlet | Found a transporter.
 11714 | Gauntlet | Found a transporter.
 11737 | Gauntlet | Found a transporter.
 11739 | Gauntlet | Found a transporter.
 11743 | Gauntlet | Noticed a wizard
 11747 | Gauntlet | Found a transporter.
 11750 | Gauntlet | Found a transporter.
 11752 | Gauntlet | Noticed a ghost crab
 11758 | Gauntlet | Found a transporter.
 11776 | Gauntlet | Found a transporter.
 11776 | Gauntlet | Noticed a catoblepas
 11793 | Gauntlet | Found a transporter.
 11796 | Gauntlet | Found a transporter.
 11806 | Gauntlet | Found a transporter.
 11889 | Gauntlet | Slain by a small abomination

Illustrated notes

Levels and vault maps discovered:
D:1:      minmay_arrival_hallway, layout_loops_cross,
          chequers_ecumenical_altar_lobes
D:2:      layout_basic
D:3:      layout_basic, serial_bayou_crossing
D:4:      layout_gridville, amcnicky_altar_gilded
D:5:      layout_basic, temple_statues, minmay_strange_pillars
D:6:      layout_basic
D:7:      kennysheep_six_static_rooms, layout_loops_corners, serial_shops,
          nicolae_diamond_shop
D:8:      layout_loops_corners, david_lair_shrubbed, nicolae_water_bricks
D:9:      layout_basic, uniq_joseph
D:10:     layout_basic, serial_shops, nicolae_shop_trees, shop_coins, shop,
          nicolae_square_shop, nicolae_shop_overgrown_old_shop, uniq_snorg
D:11:     layout_roguey [special_room_kobold], hiddenorc1_lemuel, serial_shops,
          nicolae_shop_stone
D:14:     layout_roguey, gauntlet_entry_generic, nicolae_ru_path_of_blood,
          portal_ice_cave_entry_pillars_1, kiku_gazebo_pond_becter
Temple:   nicolae_temple_the_god_donut
Gauntlet: minmay_gauntlet_mixed_big_or_small [gammafunk_gauntlet_arena_hedges,
          minmay_gauntlet_arena_77_tiled_triplets,
          nicolae_gauntlet_arena_quarters,
          minmay_gauntlet_arena_77_double_cross,
          gammafunk_gauntlet_arena_split_diamond,
          minmay_gauntlet_arena_77_mirror,
          nicolae_gauntlet_exit_dead_adventurers]

Skill      XL: |  1  2  3  4  5  6  7  8  9 10 |
---------------+-------------------------------+-----
Long Blades    | 3 4 5 6 7 9 11 13 15 | 15.2
Fighting       | 4 5 6 7 8 10 11 | 11.7
Invocations    | 2 5 |  5.5
Armour         | |  3.6
Shields        | |  3.6

Action                   |  1- 3 |  4- 6 |  7- 9 | 10-12 || total
-------------------------+-------+-------+-------+-------++-------
Melee: Long sword        |    97 |    53 |   221 |   126 ||   497
       Headbutt          |    11 |     7 |    50 |    35 ||   103
Invok: Upheaval          |       |       |       |     3 ||     3
  Use: Scroll            |     9 |     6 |     7 |     3 ||    25
       Potion            |       |     1 |     2 |     1 ||     4
Armor: Scale mail        |    50 |    26 |       |       ||    76
       Ring mail         |       |     5 |    83 |    36 ||   124
Dodge: Dodged            |    37 |    19 |    72 |    30 ||   158
Block: Kite shield       |    53 |    32 |   126 |    81 ||   292

Table legend: (Time is in decaauts)
 A = Elapsed time spent in this place.
 B = Non-inter-level travel time spent in this place.
 C = Inter-level travel time spent in this place.
 D = Time resting spent in this place.
 E = Time spent auto-exploring this place.
 F = Levels seen in this place.
 G = Mean time per level.
                   A        B        C        D        E       F      G
               +--------+--------+--------+--------+--------+-----+--------+
         Total |  11963 |  11580 |    383 |   1209 |   8968 |  14 |  854.5 |
       Dungeon |  11537 |  11171 |    366 |   1209 |   8617 |  12 |  961.4 |
        Temple |    251 |    234 |     17 |      0 |    219 |   1 |  251.0 |
      Gauntlet |    174 |    174 |      0 |      0 |    132 |   1 |  174.0 |
               +--------+--------+--------+--------+--------+-----+--------+

Top non-repeatable levels by time:
     D:7: 1603 daAuts
     D:8: 1577 daAuts
     D:5: 1146 daAuts
     D:1: 1137 daAuts
     D:6: 1069 daAuts
     D:2: 1050 daAuts
     D:4: 999 daAuts
    D:10: 992 daAuts
     D:9: 932 daAuts
     D:3: 874 daAuts
  Temple: 251 daAuts
Gauntlet: 174 daAuts
    D:11: 143 daAuts
    D:14: 10 daAuts
